 Dungeon Crawl Stone Soup version 0.32-a0-931-g5a2cda0630 (webtiles) character file.

Game seed: 7369486377829631148

365 Biggs the Cutter (level 6, -5/30 HPs)
             Began as a Vine Stalker Brigand on Apr 14, 2024.
             Slain by an ogre
             ... wielding a +0 giant spiked club
              (30 damage)
             ... on level 5 of the Dungeon.
             The game lasted 00:08:05 (1441 turns).

Biggs the Cutter (Vine Stalker Brigand)             Turns: 1441, Time: 00:08:05

Health: -5/30      AC:  6    Str: 13    XL:     6   Next: 68%
Magic:  0/7        EV:  9    Int: 11    God:
Gold:   95         SH:  0    Dex: 18    Spells: 5/5 levels left

rFire   . . .        a - +2 dagger
rCold   . . .        (no shield)
rNeg    . . .        n - +0 ring mail
rPois   .            (no helmet)
rElec   .            c - +0 cloak
rCorr   .            (no gloves)
SInv    .            (no boots)
Will    .....        (no amulet)
Stlth   ++           m - ring of flight
HPRegen 1.05/turn    (no ring)
MPRegen 0.10/turn

%: guardian spirit
@: flying
A: fangs 2, regeneration 1, magic shield, antimagic bite, no potion heal 2
a: no special abilities


You were on level 5 of the Dungeon.
You visited 1 branch of the dungeon, and saw 5 of its levels.
You also visited: Sewer.

You collected 95 gold pieces.

Inventory:

Hand Weapons
 a - a +2 dagger (weapon)
 t - a +0 rapier
Missiles
 d - 9 poisoned darts
 e - a curare-tipped dart (quivered)
Armour
 b - a +0 robe
 c - a +0 cloak (worn)
 f - a +0 leather armour
 n - a +0 ring mail (worn)
Jewellery
 m - a ring of flight (left hand)
 o - the Hermit's Pendant {Faith Invo=14 Evo=0 MP+5}
   (You found it on level 2 of the Dungeon)

   [amulet of faith]

   Invo=14: It sets your Invocations skill to 14.
   Evo=0: It sets your Evocations skill to 0.
   Faith:     It allows you to gain divine favour quickly.
   MP+5:      It affects your magic capacity (+5).
Scrolls
 g - 2 scrolls of vulnerability
 h - a scroll of immolation
 i - 3 scrolls of teleportation
 j - a scroll of revelation
 l - a scroll of brand weapon {unknown}
 u - a scroll of acquirement {unknown}
 v - a scroll of enchant armour {unknown}
Potions
 k - a potion of brilliance {unknown}
 p - a potion of heal wounds {unknown}
 q - a potion of resistance {unknown}
 r - 2 potions of might {unknown}
 s - a potion of mutation {unknown}


   Skills:
 - Level 1.7 Fighting
 + Level 6.3 Short Blades
 - Level 1.7 Throwing
 - Level 0.7 Dodging
 - Level 4.8 Stealth


You had 5 spell levels left.
You didn't know any spells.
Your spell library contained the following spells:

 Spells                   Type           Power      Damage    Failure   Level
 Blink                    Tloc           0%         N/A       75%         2
 Lesser Beckoning         Tloc           0%         N/A       75%         2
 Momentum Strike          Conj/Tloc      0%         3d8       75%         2


Dungeon Overview and Level Annotations

Branches:
Dungeon (5/15)              Sewer (visited)
 Temple: D:4-7

Altars:
Beogh

Shops:
D:4 =

Annotations:
D:4 3 runed translucent doors, pigah's ghost, novice CoGl


Innate Abilities, Weirdness & Mutations

You have extremely sharp teeth.
Your natural rate of healing is unusually fast.
When hurt, damage is shared between your health and your magic reserves.
Your bite disrupts and absorbs the magic of your enemies.
Potions cannot restore your health.


Message History

The puff of flame hits you.
The orc wizard gestures wildly while chanting.
The orc wizard flickers and vanishes!
Deactivating autopickup; reactivate with Ctrl-A.
The ogre hits you with a +0 giant spiked club!!
Ouch! That really hurt!
Unknown command.
Throw: 3 darts (curare)
Press: ? - help, Q - select action, (/) - cycle Shift-Dir - straight line, f - ogre
Aim: an ogre, wielding a +0 giant spiked club (73% to hit)
You throw a curare-tipped dart.
The curare-tipped dart barely misses the ogre.
The curare-tipped dart hits the orc wizard.
The orc wizard is poisoned.
The orc wizard struggles to breathe.
The orc wizard seems to slow down.
The orc wizard is moderately wounded.
Unknown command.
Throw: 2 darts (curare)
Press: ? - help, Q - select action, (/) - cycle Shift-Dir - straight line, f/p - ogre
Aim: an ogre, wielding a +0 giant spiked club (73% to hit)
You throw a curare-tipped dart. The curare-tipped dart hits the ogre.
The ogre is poisoned.
The ogre struggles to breathe.
The ogre seems to slow down.
The ogre is moderately wounded.
The ogre hits you with a +0 giant spiked club.
Unknown command.
Unknown command.
The orc wizard attacks as it pursues you!
The orc wizard hits you but does no damage.
You hit the orc wizard. Your bite misses the orc wizard.
The orc wizard is severely wounded.
You hit the orc wizard.
You kill the orc wizard!
You hit the ogre.
The ogre is moderately wounded.
You hit the ogre but do no damage.
The ogre is moderately wounded.
The ogre hits you with a +0 giant spiked club!!
Ouch! That really hurt!
You die...

# ##.##
##.#.##
#..#..# #.#<#
###)## #@O{##
#...##o.##
....### #(..#
## #o#..#
#.#...... #
##.##..... #.
#..##..##.
#..###.....##
##......##.#


You could see an ogre (very poisoned, slow) and an orc.

Vanquished Creatures
  2 jellies (Sewer)
  An orc priest (D:4)
  A sleepcap (D:5)
  Natasha (D:3)
  An orc wizard (D:5)
  6 river rats
  5 adders
  2 dart slugs (D:2)
  2 ribbon worms
  8 orcs
  9 ball pythons
  A bat (D:2)
  17 endoplasms
  3 giant cockroaches (Sewer)
  A hobgoblin (D:1)
  4 jackals (D:4)
  4 kobolds
  4 quokkas
  2 frilled lizards (D:1)
  5 goblins
  10 rats
89 creatures vanquished.

Notes
Turn   | Place    | Note
-------+----------+-------------------------------------------
     0 | D:1      | Biggs the Vine Stalker Brigand began the quest for the Orb.
     0 | D:1      | Reached XP level 1. HP: 11/11 MP: 2/2
    53 | D:1      | Reached skill level 2 in Short Blades
   104 | D:1      | Reached XP level 2. HP: 15/15 MP: 3/3
   317 | D:2      | Reached skill level 3 in Short Blades
   317 | D:2      | Reached XP level 3. HP: 18/18 MP: 4/4
   328 | D:2      | Found a faded altar of an unknown god.
   386 | D:2      | Found the Hermit's Pendant {Faith Invo=14 Evo=0 MP+5}
   608 | D:3      | Noticed Natasha
   622 | D:3      | Killed Natasha
   623 | D:3      | Reached skill level 4 in Short Blades
   623 | D:3      | Reached XP level 4. HP: 20/23 MP: 3/5
   795 | D:4      | Found Utupt's Jewellery Boutique.
   845 | D:4      | Found a glowing drain.
   867 | Sewer    | Entered a sewer
   896 | Sewer    | Reached XP level 5. HP: 12/26 MP: 3/6
   961 | Sewer    | Reached skill level 5 in Short Blades
  1028 | Sewer    | Reached XP level 6. HP: 17/30 MP: 4/7
  1078 | Sewer    | Found a viscous altar of Jiyva.
  1359 | D:4      | Found a runed translucent gate.
  1360 | D:4      | Found a runed translucent gate.
  1361 | D:4      | Found a runed translucent gate.
  1362 | D:4      | Noticed pigah's ghost (novice CoGl)
  1362 | D:4      | Found a roughly hewn altar of Beogh.
  1363 | D:4      | Identified the +0 scale mail of Curiosity {Dex+3}
  1389 | D:4      | Reached skill level 6 in Short Blades
  1403 | D:5      | Entered Level 5 of the Dungeon
  1441 | D:5      | Slain by an ogre

Illustrated notes

Levels and vault maps discovered:
D:1:      dpeg_arrival_boxorama, layout_loops_ring, minmay_pentomino_s2
D:2:      layout_loops_ring, dreamdust_ecumenical_altar_statues,
          grunt_decor_junction
D:3:      kennysheep_the_goblin_king, layout_basic, uniq_robin, uniq_ijyb,
          uniq_natasha, uniq_sigmund, uniq_terence
D:4:      layout_cave_pools, portal_sewer_entry_b, biasface_ghost_orc_armoury,
          serial_shops, nicolae_shop_statue_plus, dk_noncrumbling_4,
          st_stairs_3, minmay_hollow_rounded_squares
D:5:      minmay_bubble_buster, layout_layer_cave,
          minmay_temple_entry_large_hall

Skill      XL: |  1  2  3  4  5  6 |
---------------+-------------------+-----
Short Blades   | 2 3 4 5 6 |  6.3
Fighting       | |  1.7
Throwing       | |  1.7
Dodging        | |  0.7
Stealth        | |  4.8

Action                     |  1- 3 |  4- 6 || total
---------------------------+-------+-------++-------
  Melee: Dagger            |    54 |   209 ||   263
         Bite              |    12 |    71 ||    83
  Throw: Dart              |       |     2 ||     2
    Use: Scroll            |       |     4 ||     4
   Stab: Sleeping          |     6 |     2 ||     8
         Distracted        |     1 |     1 ||     2
 Armour: Leather armour    |    11 |       ||    11
         Ring mail         |    10 |   180 ||   190
  Dodge: Dodged            |    26 |   100 ||   126

Table legend: (Time is in decaauts)
 A = Elapsed time spent in this place.
 B = Non-inter-level travel time spent in this place.
 C = Inter-level travel time spent in this place.
 D = Time resting spent in this place.
 E = Time spent auto-exploring this place.
 F = Levels seen in this place.
 G = Mean time per level.
                   A        B        C        D        E       F      G
               +--------+--------+--------+--------+--------+-----+--------+
         Total |   1378 |   1350 |     28 |      0 |      0 |   6 |  229.7 |
       Dungeon |   1129 |   1101 |     28 |      0 |      0 |   5 |  225.8 |
         Sewer |    248 |    248 |      0 |      0 |      0 |   1 |  248.0 |
               +--------+--------+--------+--------+--------+-----+--------+

Top non-repeatable levels by time:
     D:4: 349 daAuts
     D:1: 306 daAuts
     D:2: 284 daAuts
   Sewer: 248 daAuts
     D:3: 155 daAuts
     D:5: 34 daAuts
